 Dungeon Crawl Stone Soup version 0.28.0-53-g5a82cb258f (webtiles) character file.

Game seed: 15586484332963395638

229 Plasmagod the Ruffian (level 5, 0/52 HPs)
             Began as a Troll Berserker on July 28, 2022.
             Was a Believer of Trog.
             Slain by an orc
             ... wielding a +0 dagger
              (3 damage)
             ... on level 3 of the Dungeon.
             The game lasted 00:02:50 (1847 turns).

Plasmagod the Ruffian (Troll Berserker)             Turns: 1847, Time: 00:02:50

Health: 0/52       AC:  4    Str: 27    XL:     5   Next: 71%
Magic:  4/4        EV: 10    Int:  3    God:    Trog [**....]
Gold:   149        SH:  0    Dex:  9    Spells: 4/4 levels left

rFire   . . .      SeeInvis .     - Unarmed
rCold   . . .      Faith    .   (no shield)
rNeg    . . .      Spirit   .   a - +0 animal skin
rPois   .          Reflect  .   (helmet restricted)
rElec   .          Harm     .   (no cloak)
rCorr   +          Rampage  .   (gloves unavailable)
Will    ++...                   (boots unavailable)
Stlth   +.........              (no amulet)
HPRegen 1.97/turn               k - ring of resist corrosion
MPRegen 0.09/turn               (no ring)

@: strong-willed, regenerating
A: large, unfitting armour, claws 3, regeneration 1, shaggy fur 1, tough skin 1
a: Renounce Religion, Berserk, Trog's Hand


You were on level 3 of the Dungeon.
You worshipped Trog.
Trog was pleased with you.
You visited 1 branch of the dungeon, and saw 3 of its levels.

You collected 149 gold pieces.

Inventory:

Armour
 a - a +0 animal skin (worn)
Jewellery
 k - a ring of resist corrosion (left claw)
Scrolls
 c - 2 scrolls of identify {unknown}
 d - a scroll of teleportation {unknown}
 e - a scroll of amnesia {unknown}
 i - a scroll of vulnerability {unknown}
 j - 2 scrolls of noise {unknown}
Potions
 b - 2 potions of ambrosia {unknown}
 f - a potion of heal wounds {unknown}
 g - 4 potions of curing {unknown}
 h - 2 potions of flight {unknown}


   Skills:
 + Level 2.8 Fighting
 + Level 3.2 Dodging
 + Level 0.1 Stealth
 * Level 5.6 Unarmed Combat


You had 4 spell levels left.
You didn't know any spells.
Your spell library was empty.

Dungeon Overview and Level Annotations

Branches:
Dungeon (3/15)

Altars:
Vehumet
Beogh

Shops:
D:3 [


Innate Abilities, Weirdness & Mutations

You are too large for most types of armour.
You have claws for hands.
Your natural rate of healing is unusually fast.
You are covered in fur. (AC +1)
You have tough skin. (AC +1)


Message History

The rat bites you but does no damage. The gnoll hits you with a +0 halberd!
The gnoll hits you from afar with a +0 halberd!
You are too injured to fight recklessly!
You are too injured to fight recklessly!
You are too injured to fight recklessly!
You are too injured to fight recklessly!
You are too injured to fight recklessly!
You are too injured to fight recklessly!
You are too injured to fight recklessly!
You are too injured to fight recklessly!
You are too injured to fight recklessly!
You are too injured to fight recklessly!
You are too injured to fight recklessly!
You are too injured to fight recklessly!
You are too injured to fight recklessly!
You scratch the gnoll but do no damage.
The gnoll is almost dead.
The rat closely misses you.
Your skin crawls.
You feel strong-willed.
The gnoll misses you. x2; The rat barely misses you.
The gnoll barely misses you. The endoplasm barely misses you.
You claw the gnoll!
You kill the gnoll!
Trog accepts your kill.
The gnoll hits you from afar with a +0 halberd!
The gnoll hits you but does no damage. The rat bites you.
The endoplasm hits you but does no damage.
You claw the rat!
You kill the rat!
Trog accepts your kill. The gnoll barely misses you.
The orc closely misses you. The gnoll hits you with a +0 club.
* * * LOW HITPOINT WARNING * * *
The endoplasm barely misses you.
You barely miss the gnoll.
The gnoll hits you from afar with a +0 halberd!
* * * LOW HITPOINT WARNING * * *
The orc hits you with a +0 dagger.
You die...

#.....## ......
#⌠.....## ......#
##########... ......⌠
#_..#⌠# #### .......##
#..##.# ........+#
#.#'..#
.....g...#####..##
......Jo..⌠#⌠...#
.......@)..##...#
....#.g...###)..#
.....###..###...# ....
##.......########
............(...........
.. ..########...########
# #...# #####


You could see 2 gnolls, an orc and an endoplasm.

Vanquished Creatures
  2 orc priests (D:3)
  2 orc wizards (D:3)
  An adder (D:3)
  6 gnolls
  A worm (D:3)
  A dart slug (D:2)
  3 orcs (D:3)
  4 ball pythons
  2 endoplasms (D:3)
  2 giant cockroaches
  5 goblins
  6 hobgoblins
  A quokka (D:3)
  4 bats
  2 frilled lizards
  5 kobolds
  7 rats
54 creatures vanquished.

Notes
Turn   | Place    | Note
-------+----------+-------------------------------------------
     0 | D:1      | Plasmagod the Troll Berserker began the quest for the Orb.
     0 | D:1      | Reached XP level 1. HP: 22/22 MP: 0/0
   252 | D:1      | Reached XP level 2. HP: 28/29 MP: 1/1
   661 | D:1      | Found a faded altar of an unknown god.
   990 | D:2      | Reached XP level 3. HP: 28/36 MP: 2/2
   992 | D:2      | Reached skill level 4 in Unarmed Combat
  1073 | D:2      | Reached ** piety under Trog
  1372 | D:2      | Reached XP level 4. HP: 44/44 MP: 3/3
  1542 | D:3      | Found Zisob's Armour Shop.
  1630 | D:3      | Reached XP level 5. HP: 50/50 MP: 4/4
  1636 | D:3      | Reached skill level 5 in Unarmed Combat
  1824 | D:3      | Found a radiant altar of Vehumet.
  1847 | D:3      | Slain by an orc

Illustrated notes

Levels and vault maps discovered:
D:1:      dpeg_arrival_arbitrary_b, layout_loops_ring,
          chequers_ecumenical_altar_lobes, minmay_fountain_box,
          minmay_tetromino_i2
D:2:      layout_basic
D:3:      layout_rooms, nicolae_overflow_quartered_altars, serial_shops,
          nicolae_square_shop, kennysheep_orc_chapel

Skill      XL: |  1  2  3  4  5 |
---------------+----------------+-----
Unarmed Combat | 4 5 |  5.6
Dodging        | 3 |  3.2
Fighting       | |  2.8
Stealth        | |  0.1

Action                   |  1- 3 |  4- 6 || total
-------------------------+-------+-------++-------
Melee: Unarmed           |    96 |    61 ||   157
       Punch             |     1 |     1 ||     2
Invok: Berserk           |       |     1 ||     1
       Trog's Hand       |       |     1 ||     1
Armor: Animal skin       |    20 |    14 ||    34
Dodge: Dodged            |    40 |    27 ||    67
